 Dungeon Sprint DCSS version 0.30-a0-58-gc0703345a7 (webtiles) character file.

Game seed: 16892195526953238437

15058 lesbiats the Bludgeoner (level 11, -4/131 HPs)
             Began as a Troll Fighter on Sept 11, 2022.
             Was a Believer of Jiyva.
             Slain by an orc knight
             ... wielding a +0 great sword
              (37 damage)
             ... in the Dungeon (Sprint IX: "|||||||||||||||||||||||||||||").
             The game lasted 00:17:31 (1384 turns).

lesbiats the Bludgeoner (Troll Fighter)             Turns: 1384, Time: 00:17:32

Health: -4/131     AC: 10    Str: 30    XL:     11   Next: 96%
Magic:  10/10      EV: 15    Int:  4    God:    Jiyva [**....]
Gold:   1559       SH: 17    Dex:  9    Spells: 10/10 levels left

rFire   . . .      SeeInvis .    m - +2 morningstar (protect)
rCold   . . .      Faith    .    d - +2 kite shield
rNeg    . . .      Spirit   .    a - +0 acid dragon scales
rPois   .          Reflect  +    (helmet restricted)
rElec   .          Harm     .    s - +0 cloak
rCorr   +          Rampage  .    (gloves unavailable)
Will    .....      NoTele   +    (boots unavailable)
Stlth   +.........               r - amulet of reflection
HPRegen 2.07/turn                n - +2 ring of evasion
MPRegen 0.42/turn                o - +2 ring of evasion

@: no status effects
A: large, unfitting armour, claws 3, regeneration 1, shaggy fur 1, tough skin 1,
screaming 1
a: Renounce Religion


You were in the Dungeon.
You worshipped Jiyva.
Jiyva was pleased with you.
You visited 1 branch You collected 1559 gold pieces.

Inventory:

Hand Weapons
 m - a +2 morningstar of protection (weapon)
 t - a +0 giant club
Armour
 a - +0 acid dragon scales (worn)
 b - a +0 robe
 d - a +2 kite shield (worn)
 s - a +0 cloak (worn)
Jewellery
 n - a +2 ring of evasion (left claw)
 o - a +2 ring of evasion (right claw)
 r - an amulet of reflection (around neck)
Wands
 g - a wand of paralysis (4)
 l - a wand of iceblast (2)
Scrolls
 i - 3 scrolls of identify
 k - 2 scrolls of amnesia
 p - 6 scrolls of enchant armour
 q - a scroll of vulnerability
Potions
 c - a potion of brilliance
 e - a potion of curing
 h - 4 potions of magic


   Skills:
 * Level 14.7 Fighting
 + Level 16.8 Maces & Flails
 - Level 4.2 Armour
 + Level 10.3 Dodging
 - Level 0.8 Stealth
 + Level 11.7 Shields
 + Level 2.7 Evocations


You had 10 spell levels left.
You didn't know any spells.
Your spell library contained the following spells:

 Spells                   Type           Power      Damage    Failure   Level
 Necrotise                Necr           0%         1d4       75%         1
 Vampiric Draining        Necr           0%         2d6       98%         3
 Agony                    Necr           0%         N/A       100%        5


Dungeon Overview and Level Annotations

Branches:
Dungeon (1/1)

Altars:
Cheibriados
Dithmenos
Elyvilon
Fedhas
Gozag
Hepliaklqana
Kikubaaqudgha
Makhleb
Nemelex Xobeh
Okawaru
Qazlal
Ru
Sif Muna
Trog
Uskayaw
Vehumet
Wu Jian
Xom
Yredelemnul
Zin
The Shining One
Jiyva
Lugonu

Shops:
D [:!*


Innate Abilities, Weirdness & Mutations

You are too large for most types of armour.
You have claws for hands.
Your natural rate of healing is unusually fast.
You are covered in fur. (AC +1)
You have tough skin. (AC +1)
You occasionally shout uncontrollably at your foes.


Message History

Items here: $ )) [[ †.
You puncture the orc knight!
The orc knight is lightly wounded.
The orc high priest utters an invocation to Beogh.
You block the orc knight's attack.
You hit the orc knight but do no damage.
The orc knight is lightly wounded.
You block the orc knight's attack.
You barely miss the orc knight.
The orc knight is lightly wounded.
The smoke demon gestures at you. Beogh smites you!
The orc knight hits you with a +0 great sword!!
You closely miss the orc knight.
The orc knight is lightly wounded.
You barely miss the orc knight.
The orc knight is lightly wounded.
The orc knight misses you. The smoke demon gestures at you. Beogh smites you!
You feel better.
The orc high priest no longer looks unusually strong.
The orc high priest curses noisily.
The orc knight hits you with a +0 great sword!!
* * * LOW HITPOINT WARNING * * *
Aiming: Paralyse
Press: ? - help, Shift-Dir - straight line, f - orc knight
Aim: an orc knight, wielding a +0 great sword and wearing a +0 chain mail (lightly wounded, strong, chance to affect: 37%)
The orc knight resists with some effort.
The orc high priest intones a terrible prayer.
The orc high priest utters an invocation to Beogh.
The orc knight hits you with a +0 great sword!!
* * * LOW HITPOINT WARNING * * *
You feel better. You block the orc knight's attack.
You feel better.
The orc high priest calls down the wrath of Beogh upon you.
Beogh smites you!
* * * LOW HITPOINT WARNING * * *
The orc knight hits you with a +0 great sword!!!
You die...

▓▓▓▓▓▓▓▓▓▓▓▓▓▓▓▓▓▓▓▓▓▓▓▓
).......'...$$∩.@o3o4o3.
▓▓▓▓▓▓▓▓▓▓▓▓▓▓▓▓▓▓▓▓▓▓▓▓▓▓▓▓▓▓▓▓▓
.....................J...........
▓▓▓▓▓▓▓▓▓▓▓▓▓▓▓▓▓▓▓▓▓▓▓▓▓▓▓▓▓▓▓▓▓
........†'..........).'..[[.[..'.
▓▓▓▓▓▓▓▓▓▓▓▓▓▓▓▓▓▓▓▓▓▓▓▓▓▓▓▓▓▓▓▓▓
.................................
▓▓▓▓▓▓▓▓▓▓▓▓▓▓▓▓▓▓▓▓▓▓▓▓▓▓▓▓▓▓▓▓▓
_________'..).[[[..'))....†......


You could see an orc knight (strong), 2 orc high priests, an ice devil
(summoned) and 2 smoke demons.

Vanquished Creatures
  Erolcha (D)
  2 hydras (D)
  A catoblepas (D)
  5 orc high priests (D)
  8 orc knights (D)
  An ugly thing (D)
  An elephant (D)
  2 cane toads (D)
  An unseen horror (D)
  2 komodo dragons (D)
  A polar bear (shapeshifter) (D)
  A dream sheep (D)
  2 wyverns (D)
  A wraith (D)
  A basilisk (D)
  3 yaks (D)
  A steam dragon (D)
  An acid dragon (D)
  A water moccasin (shapeshifter) (D)
  4 hell hounds (D)
  12 orc warriors (D)
  2 black bears (D)
  4 wolves (D)
  A centaur (D)
  3 bullfrogs (D)
  A gnoll sergeant (D)
  A necrophage (D)
  A killer bee (D)
  3 orc priests (D)
  A hound (D)
  2 iguanas (D)
  3 orc wizards (D)
  4 orcs (D)
  A jackal (D)
  A bat (D)
  A frilled lizard (D)
  A kobold (D)
  A rat (D)
83 creatures vanquished.

Vanquished Creatures (others)
  3 great orbs of eyes (D)
  3 slime creatures (D)
  11 jellies (D)
17 creatures vanquished.

Grand Total: 100 creatures vanquished

Notes
Turn   | Place    | Note
-------+----------+-------------------------------------------
     0 | D        | lesbiats the Troll Fighter began the quest for the Orb.
     0 | D        | Reached XP level 1. HP: 22/22 MP: 0/0
     6 | D        | Reached skill level 2 in Maces & Flails
    21 | D        | Noticed a black bear
    21 | D        | Noticed a necrophage
    21 | D        | Noticed an iguana
    21 | D        | Noticed an iguana
    21 | D        | Noticed a hound
    25 | D        | Killed a black bear
    26 | D        | Reached skill level 4 in Maces & Flails
    26 | D        | Reached XP level 2. HP: 33/33 MP: 1/1
    26 | D        | Reached XP level 3. HP: 40/40 MP: 2/2
    26 | D        | Reached XP level 4. HP: 49/49 MP: 3/3
    33 | D        | Killed a necrophage
    34 | D        | Reached skill level 5 in Maces & Flails
    34 | D        | Reached skill level 5 in Shields
    34 | D        | Reached XP level 5. HP: 55/55 MP: 4/4
    37 | D        | Reached skill level 5 in Fighting
    37 | D        | Reached skill level 5 in Dodging
    48 | D        | Reached skill level 6 in Maces & Flails
    60 | D        | Found a snail-covered altar of Cheibriados.
    60 | D        | Found a shadowy altar of Dithmenos.
    60 | D        | Found a white marble altar of Elyvilon.
    60 | D        | Found a blossoming altar of Fedhas.
    60 | D        | Found an opulent altar of Gozag.
    61 | D        | Found a hazy altar of Hepliaklqana.
    62 | D        | Found a viscous altar of Jiyva.
    63 | D        | Found an ancient bone altar of Kikubaaqudgha.
    64 | D        | Found a corrupted altar of Lugonu.
    65 | D        | Found a burning altar of Makhleb.
    66 | D        | Found a sparkling altar of Nemelex Xobeh.
    67 | D        | Found an iron altar of Okawaru.
    68 | D        | Found a stormy altar of Qazlal.
    69 | D        | Found a sacrificial altar of Ru.
    70 | D        | Became a worshipper of Jiyva Juamp the Shapeless
    71 | D        | Found a shimmering blue altar of Sif Muna.
    71 | D        | Killed a slime creature
    72 | D        | Found a bloodstained altar of Trog.
    72 | D        | Killed a great orb of eyes
    72 | D        | Killed a slime creature
    73 | D        | Found a hide-covered altar of Uskayaw.
    74 | D        | Found a radiant altar of Vehumet.
    74 | D        | Killed a great orb of eyes
    74 | D        | Killed a large slime creature
    75 | D        | Found an ornate altar of the Wu Jian Council.
    76 | D        | Found a shimmering altar of Xom.
    77 | D        | Found a basalt altar of Yredelemnul.
    77 | D        | Killed a great orb of eyes
    78 | D        | Found a glowing silver altar of Zin.
    79 | D        | Found a glowing golden altar of the Shining One.
   107 | D        | Noticed a centaur
   107 | D        | Noticed a yak
   107 | D        | Noticed a wraith
   112 | D        | Reached XP level 6. HP: 58/67 MP: 5/5
   116 | D        | Reached skill level 7 in Maces & Flails
   118 | D        | Killed a yak
   119 | D        | Reached skill level 8 in Maces & Flails
   121 | D        | Reached XP level 7. HP: 76/76 MP: 6/6
   128 | D        | Killed a wraith
   129 | D        | Reached skill level 9 in Maces & Flails
   137 | D        | Noticed a basilisk
   137 | D        | Noticed a red ugly thing
   137 | D        | Noticed a guardian serpent
   143 | D        | Noticed a steam dragon
   143 | D        | a water moccasin changed into a steam dragon
   150 | D        | Killed a red ugly thing
   151 | D        | Reached skill level 10 in Maces & Flails
   151 | D        | Reached XP level 8. HP: 46/87 MP: 7/7
   154 | D        | Reached skill level 11 in Maces & Flails
   168 | D        | HP: 3/87 [guardian serpent (shapeshifter) (11)]
   178 | D        | HP: 3/87 [guardian serpent (shapeshifter) (15)]
   184 | D        | a guardian serpent changed into a spriggan
   219 | D        | Noticed a polar bear
   219 | D        | a spriggan changed into a polar bear
   233 | D        | Killed an unseen horror
   234 | D        | Reached skill level 12 in Maces & Flails
   236 | D        | Killed a polar bear
   432 | D        | Reached * piety under Jiyva
   499 | D        | Noticed a cane toad
   501 | D        | Noticed a five-headed hydra
   502 | D        | Reached XP level 9. HP: 96/96 MP: 8/8
   504 | D        | Reached skill level 13 in Maces & Flails
   509 | D        | Reached skill level 1 in Evocations
   514 | D        | Killed a five-headed hydra
   515 | D        | Reached skill level 1 in Armour
   518 | D        | Killed a cane toad
   550 | D        | Noticed a komodo dragon
   550 | D        | Noticed a catoblepas
   550 | D        | Noticed an elephant
   550 | D        | Noticed a komodo dragon
   554 | D        | Reached skill level 14 in Maces & Flails
   555 | D        | Noticed a cane toad
   584 | D        | Killed a catoblepas
   585 | D        | Reached skill level 10 in Fighting
   585 | D        | Reached XP level 10. HP: 53/110 MP: 9/9
   620 | D        | Killed an elephant
   633 | D        | Killed a cane toad
   654 | D        | Noticed a five-headed hydra
   661 | D        | Killed a five-headed hydra
   709 | D        | Reached skill level 15 in Maces & Flails
   837 | D        | Reached ** piety under Jiyva
   837 | D        | Noticed Erolcha
   841 | D        | Killed Erolcha
   869 | D        | Reached XP level 11. HP: 92/123 MP: 10/10
   886 | D        | Noticed an orc knight
   903 | D        | Killed an orc knight
   904 | D        | Reached skill level 10 in Shields
   942 | D        | Noticed an orc knight
   963 | D        | Killed an orc knight
   981 | D        | Noticed an orc knight
   992 | D        | Reached skill level 16 in Maces & Flails
  1006 | D        | Killed an orc knight
  1041 | D        | Found Fuhuas's Armour Emporium.
  1041 | D        | Noticed an orc knight
  1041 | D        | Noticed an orc high priest
  1041 | D        | Noticed an orc high priest
  1041 | D        | Noticed an orc high priest
  1041 | D        | Noticed an orc knight
  1042 | D        | Noticed an orc knight
  1058 | D        | Noticed a sun demon
  1089 | D        | Noticed a sixfirhy
  1101 | D        | Killed an orc knight
  1104 | D        | Noticed a sun demon
  1114 | D        | Noticed a sun demon
  1140 | D        | Noticed a sun demon
  1178 | D        | Killed an orc high priest
  1238 | D        | Killed an orc high priest
  1240 | D        | Noticed a sun demon
  1242 | D        | Gained mutation: You occasionally shout uncontrollably at
                  | your foes. [a neqoxec]
  1257 | D        | Noticed a sun demon
  1257 | D        | Killed an orc high priest
  1268 | D        | Killed an orc knight
  1273 | D        | Killed an orc knight
  1314 | D        | Noticed an orc knight
  1317 | D        | Noticed an orc high priest
  1323 | D        | Killed an orc knight
  1324 | D        | Reached skill level 10 in Dodging
  1332 | D        | Killed an orc high priest
  1353 | D        | Found Zasecrot's Book Shoppe.
  1357 | D        | Found Raqepl Ustran's Distillery.
  1359 | D        | Noticed an orc high priest
  1360 | D        | Found Bumpivva's General Store.
  1361 | D        | Noticed an orc knight
  1362 | D        | Noticed an orc knight
  1367 | D        | Noticed an orc high priest
  1369 | D        | Noticed an orc high priest
  1371 | D        | Killed an orc high priest
  1374 | D        | Killed an orc knight
  1384 | D        | Slain by an orc knight

Illustrated notes

Levels and vault maps discovered:
D:        linesprint [early_d, line_temple, items_1, d_10, items_2, lair_1,
          lair_end, items_3, orc_1, orc_end, items_4, d_15, swamp_1, shoals_1,
          snake_1, spider_1, d_20, vaults_1, items_5, swamp_end, shoals_end,
          snake_end, spider_end, vaults_end, d_27, items_6, zot_1, zot_end,
          crypt_end, forest_end, elf_end, slime_end, tomb_end, abyss_end,
          pan_hell_end]

Skill      XL: |  1  2  3  4  5  6  7  8  9 10 11 |
---------------+----------------------------------+-----
Maces & Flails | 4 5 6 8 10 12 14 15 16 | 16.8
Shields        | 4 5 6 7 8 9 11 | 11.7
Fighting       | 4 5 6 7 10 12 14 | 14.7
Dodging        | 4 5 6 7 8 9 10 | 10.3
Evocations     | 2 |  2.7
Armour         | 2 4 |  4.2
Stealth        | |  0.8

Action                   |  1- 3 |  4- 6 |  7- 9 | 10-12 || total
-------------------------+-------+-------+-------+-------++-------
Melee: Flail             |    14 |    22 |       |       ||    36
       Morningstar       |       |    10 |    84 |   316 ||   410
Evoke: Wand              |       |       |     7 |     7 ||    14
  Use: Potion            |     1 |     1 |     8 |     6 ||    16
       Scroll            |       |       |     1 |     1 ||     2
Armor: Robe              |     5 |     5 |    16 |       ||    26
       Acid dragon scale |       |       |    18 |    42 ||    60
Dodge: Dodged            |     7 |    16 |    42 |    65 ||   130
Block: Kite shield       |     5 |    18 |    27 |   167 ||   217
       Reflection        |       |       |       |     5 ||     5

Table legend: (Time is in decaauts)
 A = Elapsed time spent in this place.
 B = Non-inter-level travel time spent in this place.
 C = Inter-level travel time spent in this place.
 D = Time resting spent in this place.
 E = Time spent auto-exploring this place.
 F = Levels seen in this place.
 G = Mean time per level.
                   A        B        C        D        E       F      G
               +--------+--------+--------+--------+--------+-----+--------+
         Total |   1333 |   1315 |     18 |    106 |    149 |   1 | 1333.0 |
       Dungeon |   1333 |   1315 |     18 |    106 |    149 |   1 | 1333.0 |
               +--------+--------+--------+--------+--------+-----+--------+

Top non-repeatable levels by time:
       D: 1333 daAuts
